 Dungeon Crawl Stone Soup version 0.23-a0-650-ga4d50d4 (webtiles) character file.

16664 EvilAliv3 the Cruncher (level 12, -7/97 HPs)
             Began as a Human Gladiator on Jan 1, 2019.
             Was an Initiate of Gozag.
             Mangled by a red draconian
             ... wielding a +0 scimitar of flaming
              (14 damage)
             ... in a volcano on Jan 5, 2019.
             The game lasted 01:53:04 (18313 turns).

EvilAliv3 the Cruncher (Human Gladiator)           Turns: 18313, Time: 01:53:05

Health: -7/97      AC: 18    Str: 18    XL:     12   Next: 73%
Magic:  12/12      EV: 11    Int: 14    God:    Gozag
Gold:   1050       SH:  0    Dex: 14    Spells: 11/11 levels left

rFire    . . .     SeeInvis .   a - +5 quarterstaff (chaos)
rCold    . . .     Gourm    .   (shield currently unavailable)
rNeg     + . .     Faith    .   D - +2 chain mail {rPois}
rPois    +         Spirit   .   c - +0 helmet
rElec    .         Reflect  .   e - +2 cloak
rCorr    .         Harm     .   s - +0 pair of gloves
MR       .....                  (no boots)
Stlth    ..........             (no amulet)
HPRegen  0.26/turn              C - +3 ring of intelligence
MPRegen  0.13/turn              J - ring of positive energy

@: gold aura
A: no striking features
a: Potion Petition, Call Merchant, Bribe Branch, Renounce Religion


You were in a volcano.
You worshipped Gozag.
Gozag was most pleased with you.
You were not hungry.

You visited 4 branches of the dungeon, and saw 15 of its levels.
You also visited: Ossuary and Volcano.

You collected 1442 gold pieces.
You spent 248 gold pieces at shops.
You paid 144 gold pieces to Gozag.

Inventory:

Hand Weapons
 a - a +5 quarterstaff of chaos (weapon)
 b - a +0 hunting sling
Missiles
 d - 3 throwing nets
 h - 457 stones (quivered)
 q - 76 sling bullets
Armour
 c - a +0 helmet (worn)
 e - a +2 cloak (worn)
 s - a +0 pair of gloves (worn)
 D - a +2 chain mail of poison resistance (worn)
Jewellery
 C - a +3 ring of intelligence (left hand)
 J - a ring of positive energy (right hand)
Wands
 z - a wand of iceblast (10)
 A - a wand of disintegration (3)
 G - a wand of acid (13)
 K - a wand of random effects (22)
 N - a wand of paralysis (10)
Scrolls
 j - 8 scrolls of remove curse
 k - 3 scrolls of enchant armour
 l - 7 scrolls of teleportation
 r - 6 scrolls of identify
 w - a scroll of immolation
 y - 2 scrolls of enchant weapon
 B - 2 scrolls of magic mapping
 F - a scroll of blinking
 I - 3 scrolls of fear
 L - a scroll of noise {unknown}
 M - a scroll of random uselessness {unknown}
Potions
 g - 5 potions of curing
 i - a potion of haste
 m - a potion of ambrosia
 n - 2 potions of lignification
 p - 4 potions of agility
 t - 2 potions of brilliance
 u - 4 potions of mutation
 v - 2 potions of flight
 x - 2 potions of cancellation
 E - 2 potions of berserk rage
 H - a potion of might
Comestibles
 f - 14 rations


   Skills:
 + Level 9.7 Fighting
 * Level 13.3 Staves
 + Level 6.4(6.5) Slings
 - Level 2.0(4.5) Throwing
 - Level 7.0 Armour
 - Level 7.0 Dodging


You had 11 spell levels left.
You didn't know any spells.
Your spell library was empty.

Dungeon Overview and Level Annotations

Branches:
Dungeon (11/15)            Temple (1/1) D:5            Lair (2/6) D:8
  Swamp (0/4) Lair:2          Orc (1/2) D:11
  Snake: Lair:2-4    Spider: Lair:2-4

Altars:
Ashenzari
Cheibriados
Dithmenos
Elyvilon
Fedhas
Gozag
Hepliaklqana
Kikubaaqudgha
Makhleb
Nemelex Xobeh
Okawaru
Qazlal
Ru
Sif Muna
Trog
Uskayaw
Vehumet
Xom
Yredelemnul
Zin

Shops:
D:5 [   D:6 *   D:11 (

Annotations:
D:9 2 transporters, RandyMax's ghost, novice HuAr


Message History

The acid corrodes the two-headed ogre!
The two-headed ogre is lightly wounded.
The two-headed ogre hits you with a +1 great mace of flaming.
* * * LOW HITPOINT WARNING * * *
The two-headed ogre burns you.
* * * LOW HITPOINT WARNING * * *
The two-headed ogre hits you with a +0 giant club of flaming!
* * * LOW HITPOINT WARNING * * *
The two-headed ogre burns you.
* * * LOW HITPOINT WARNING * * *
The red draconian barely misses you.
You feel much better.
The two-headed ogre hits you with a +1 great mace of flaming!
* * * LOW HITPOINT WARNING * * *
The two-headed ogre burns you!
* * * LOW HITPOINT WARNING * * *
The two-headed ogre hits you but does no damage.
The red draconian hits you with a +0 scimitar of flaming!
You die...
Your body crumbles into a pile of gold.

##......... ##.#....≈§≈§
#.....≈≈≈≈≈≈
#....≈≈≈≈§§≈§≈≈§
##....≈≈≈≈§≈≈≈≈≈
#.O.§≈≈§≈§§≈§≈≈≈ $§
####O.§§§≈§§§§≈§≈≈
$.!∩.##.#@O...§.§≈≈≈≈≈§°
!(....$d##....§........
).....######.....#..##
##### ######.###
#.∩.∩..# #.......#
##.......# #≈§≈..≈≈≈#
##≈≈≈≈≈≈##


You could see a red draconian, 2 two-headed ogres and an ogre mage.

Vanquished Creatures
  A hydra (Lair:1)
  Erica (D:8)
  4 two-headed ogres
  Pikel (D:7)
  An ugly thing (D:11)
  Joseph (D:7)
  3 spiny frogs
  A gargoyle (D:11)
  3 komodo dragons
  3 hornets
  2 trolls
  5 blink frogs
  The ghost of everene the Charmwright, an amateur OpSk (D:4)
  2 hippogriffs
  2 wyverns (D:9)
  A basilisk (D:11)
  A warg (D:11)
  3 soldier ants
  3 water moccasins
  4 porcupines
  Duvessa (D:7)
  6 orc warriors
  3 slaves
  A black bear (D:6)
  2 necrophages (D:11)
  2 phantoms
  3 ice beasts
  4 sky beasts
  4 centaurs
  7 ogres
  A wolf (Lair:1)
  2 crocodiles
  3 big kobolds
  4 bullfrogs
  Dowan (D:7)
  A water moccasin zombie (D:7)
  2 scorpions
  4 wights (D:10)
  A howler monkey (D:11)
  6 crimson imps
  2 bullfrog zombies
  3 quasits
  6 orc priests
  6 hounds
  3 jellies
  Crazy Yiuf (D:7)
  11 orc wizards
  A bullfrog skeleton (D:5)
  Jessica (D:2)
  A gnoll shaman (D:10)
  An iguana (D:4)
  12 worker ants
  A hound zombie (D:7)
  13 mummies (Ossuary)
  7 gnolls
  16 adders
  2 shadow imps
  A white imp (D:9)
  An ooze (D:7)
  2 adder skeletons
  An adder zombie (D:7)
  3 worms (D:2)
  3 dart slugs (D:1)
  3 leopard geckos
  40 orcs
  13 bats
  9 giant cockroaches
  10 goblins
  4 hobgoblins
  2 jackals (D:11)
  4 quokkas
  9 frilled lizards
  2 gnoll skeletons (Ossuary)
  A goblin skeleton (Ossuary)
  20 kobolds
  4 kobold skeletons (Ossuary)
  2 leopard gecko zombies (D:5)
  An orc skeleton (Ossuary)
  A quokka zombie (D:3)
  5 rats
  11 rat skeletons (Ossuary)
  A fungus (D:7)
341 creatures vanquished.

Vanquished Creatures (collateral kills)
  A bullfrog (D:9)
1 creature vanquished.

Grand Total: 342 creatures vanquished

Notes
Turn   | Place    | Note
-------+----------+-------------------------------------------
     0 | D:1      | EvilAliv3 the Human Gladiator began the quest for the Orb.
     0 | D:1      | Reached XP level 1. HP: 16/16 MP: 1/1
    56 | D:1      | Reached XP level 2. HP: 21/22 MP: 2/2
   325 | D:1      | Reached skill level 1 in Armour
   325 | D:1      | Reached XP level 3. HP: 27/27 MP: 3/3
  1002 | D:2      | HP: 1/28 [worm (8)]
  1366 | D:2      | Reached XP level 4. HP: 31/34 MP: 4/4
  1380 | D:2      | Reached skill level 4 in Staves
  1866 | D:2      | Noticed Jessica
  1881 | D:2      | Killed Jessica
  1881 | D:2      | Reached XP level 5. HP: 34/40 MP: 5/5
  2247 | D:3      | Found a radiant altar of Vehumet.
  2249 | D:3      | Found a stormy altar of Qazlal.
  2249 | D:3      | Found a white marble altar of Elyvilon.
  2251 | D:3      | Found a shimmering altar of Xom.
  2251 | D:3      | Found a shadowy altar of Dithmenos.
  2251 | D:3      | Found a shimmering altar of Xom.
  2674 | D:3      | Found an opulent altar of Gozag.
  2973 | D:3      | Found a radiant altar of Vehumet.
  2977 | D:3      | Found an ancient bone altar of Kikubaaqudgha.
  2978 | D:3      | Found a deep blue altar of Sif Muna.
  2985 | D:3      | Identified Kikubaaqudgha's Almanac of Unholy Rites
  3128 | D:4      | Reached XP level 6. HP: 35/47 MP: 6/6
  3144 | D:4      | Reached skill level 5 in Staves
  3301 | D:4      | Found a sand-covered staircase.
  3316 | Ossuary  | Entered an ossuary
  4159 | Ossuary  | Reached XP level 7. HP: 53/53 MP: 7/7
  4740 | D:4      | Found a runed door.
  4741 | D:4      | Noticed everene's ghost (amateur OpSk)
  4969 | D:4      | Reached skill level 6 in Staves
  5111 | D:5      | Entered Level 5 of the Dungeon
  5148 | D:5      | Found Ixkihote's Antique Armour Boutique.
  5165 | D:5      | Bought a runed chain mail for 180 gold pieces
  5420 | D:5      | Found a bloodstained altar of Trog.
  5420 | D:5      | Found a blossoming altar of Fedhas.
  5534 | D:5      | Found a staircase to the Ecumenical Temple.
  5544 | Temple   | Entered the Ecumenical Temple
  5871 | D:5      | Reached XP level 8. HP: 60/61 MP: 8/8
  6272 | D:5      | Reached skill level 7 in Staves
  6946 | D:6      | Reached skill level 5 in Fighting
  7318 | D:6      | Reached skill level 8 in Staves
  8037 | D:6      | Reached XP level 9. HP: 51/69 MP: 9/9
  8188 | D:6      | Upgraded the game from 0.23-a0-644-gb60d84b to
                  | 0.23-a0-650-ga4d50d4
  8625 | D:6      | Reached skill level 9 in Staves
  8707 | D:6      | Found Yhus's Assorted Antiques.
  8722 | D:6      | Bought a scroll labeled UTTYEL BASHUAF for 17 gold pieces
  8722 | D:6      | Bought a scroll labeled VOALI ENNUIDYHOAV for 17 gold
                  | pieces
  8722 | D:6      | Bought a scroll labeled ONGUMI COZ YRR for 17 gold pieces
  8722 | D:6      | Bought a scroll labeled XAHIME UBLEICS for 17 gold pieces
  9590 | D:7      | Noticed Joseph
  9966 | D:7      | Noticed Duvessa
  9971 | D:7      | Noticed Dowan
 10006 | D:7      | Noticed a troll
 10149 | D:6      | Killed a troll
 10893 | D:7      | Killed Joseph
 10893 | D:7      | Reached skill level 10 in Staves
 10893 | D:7      | Reached XP level 10. HP: 57/79 MP: 10/10
 11034 | D:7      | Killed Duvessa
 11119 | D:7      | Killed Dowan
 11373 | D:7      | Reached skill level 5 in Armour
 11398 | D:7      | Found a runed door.
 11476 | D:7      | Noticed Crazy Yiuf
 11483 | D:7      | Killed Crazy Yiuf
 11542 | D:7      | Noticed Pikel
 11558 | D:7      | Reached skill level 1 in Slings
 11558 | D:7      | Reached skill level 5 in Dodging
 11566 | D:7      | Killed Pikel
 11793 | D:8      | Noticed a two-headed ogre
 11817 | D:8      | Killed a two-headed ogre
 12256 | D:8      | Found a staircase to the Lair.
 12276 | D:8      | Reached skill level 11 in Staves
 12399 | D:8      | Found a shattered altar of Ashenzari.
 12401 | D:8      | Found a basalt altar of Yredelemnul.
 12483 | D:8      | Found an iron altar of Okawaru.
 12486 | D:8      | Found a stormy altar of Qazlal.
 12534 | D:8      | Noticed Erica
 12587 | D:8      | Killed Erica
 12587 | D:8      | Reached XP level 11. HP: 80/86 MP: 11/11
 13230 | D:9      | Noticed RandyMax's ghost (novice HuAr)
 13232 | D:9      | Found a transporter.
 13233 | D:9      | Noticed a moth of wrath
 13257 | D:9      | Found a transporter.
 13702 | Temple   | Became a worshipper of Gozag Ym Sagoz the Greedy
 13806 | D:10     | Entered Level 10 of the Dungeon
 14017 | D:10     | Noticed a two-headed ogre
 14630 | D:10     | Killed a two-headed ogre
 14718 | D:10     | Reached skill level 12 in Staves
 14845 | D:11     | Noticed a brown ugly thing
 14928 | D:11     | Noticed a two-headed ogre
 14939 | D:11     | Killed a two-headed ogre
 15693 | D:11     | Killed a brown ugly thing
 15693 | D:11     | Reached skill level 5 in Slings
 15806 | D:11     | Reached XP level 12. HP: 50/95 MP: 12/12
 16019 | D:11     | Found Wifott's Antique Weapon Boutique.
 16274 | D:11     | Found a staircase to the Orcish Mines.
 16630 | D:4      | Killed everene's ghost
 16734 | Lair:1   | Entered Level 1 of the Lair of Beasts
 16768 | Lair:1   | Noticed an eight-headed hydra
 16858 | Orc:1    | Entered Level 1 of the Orcish Mines
 17377 | Lair:1   | Killed an eight-headed hydra
 17561 | D:8      | Reached skill level 13 in Staves
 18265 | Lair:2   | Found a dark tunnel.
 18270 | Volcano  | Entered a volcano
 18283 | Volcano  | Noticed a two-headed ogre
 18283 | Volcano  | Noticed a red draconian
 18292 | Volcano  | Killed a two-headed ogre
 18300 | Volcano  | Noticed an ogre mage
 18301 | Volcano  | Paralysed by an ogre mage for 6 turns
 18304 | Volcano  | Noticed a two-headed ogre
 18305 | Volcano  | Noticed a two-headed ogre
 18313 | Volcano  | Mangled by a red draconian

Vault maps used:
D:1:      dpeg_chamrin_arrival_tetris
D:2:      first_ration, uniq_jessica
D:3:      grunt_temple_overflow_magic_moments, doesnt_xom_only_xom,
          minmay_splitting_lines, lemuel_statue_altar
D:4:      ebering_ghost_sewer_d, enter_ossuary_2
D:5:      chequers_temple_overflow_statue_of_worship, minmay_temple_entry_waves,
          serial_shops, nicolae_shop_trees, roderic_st_hans_cross
D:6:      serial_shops, shop
D:7:      uniq_crazy_yiuf_cottage, uniq_duvessa, uniq_pikel, uniq_joseph
D:8:      nicolae_overflow_hidden_temple, dpeg_oklobed_lair, uniq_erica
D:9:      gammafunk_ghost_berserking_beasts
D:10:     hangedman_pestilent_swarm
D:11:     hiddenorc1_lemuel, serial_shops, shop_fountains
Temple:   hc_temple_tempest_star
Lair:2:   beast_lair_carwin_large_2, minmay_swamp_entry_worms, enter_volcano_4,
          infiniplex_staircase_pool_2, uniq_gastronok
Ossuary:  ossuary_due_small_catacomb
Volcano:  volcano_pools

Skill      XL: |  1  2  3  4  5  6  7  8  9 10 11 12 |
---------------+-------------------------------------+-----
Armour         | 1 2 3 4 5 6 7 |  7.0
Staves         | 4 5 6 8 10 11 12 13 | 13.3
Fighting       | 3 4 5 7 8 9 |  9.7
Dodging        | 4 6 7 |  7.0
Slings         | 3 5 6 |  6.4
Throwing       | |  2.0

Action                   |  1- 3 |  4- 6 |  7- 9 | 10-12 || total
-------------------------+-------+-------+-------+-------++-------
Melee: Quarterstaff      |   131 |   223 |   507 |   650 ||  1511
 Fire: Hunting sling     |       |       |       |    42 ||    42
Throw: Stone             |       |     8 |     6 |     5 ||    19
Evoke: Wand              |       |       |     7 |    26 ||    33
  Use: Scroll            |       |     9 |    11 |     5 ||    25
       Potion            |       |       |       |     4 ||     4
 Stab: Sleeping          |     1 |     2 |       |       ||     3
       Confused          |       |       |       |     3 ||     3
       Paralysed         |       |       |       |     7 ||     7
       Distracted        |       |       |       |     3 ||     3
       Petrifying        |       |       |       |     2 ||     2
       Petrified         |       |       |       |     2 ||     2
  Eat: Chunk             |     2 |     7 |    13 |     5 ||    27
       Ration            |       |       |     3 |     6 ||     9
Armor: Leather armour    |    33 |    24 |       |       ||    57
       Ring mail         |       |    11 |    13 |       ||    24
       Chain mail        |       |       |   222 |   256 ||   478
Dodge: Dodged            |    77 |   109 |   196 |   254 ||   636

Table legend:
 A = Non-vault XP
 B = Vault XP
 C = Vault XP percentage of total XP
 D = Non-vault monster count
 E = Vault monster count
 F = Vault count percentage of total count
                 A         B        C        D         E       F
            +---------+---------+-------+---------+---------+-------
      Total |   19029 |    4777 |  20.1 |     273 |      65 |  19.2
            +---------+---------+-------+---------+---------+-------
        D:1 |      53 |       0 |   0.0 |      31 |       0 |   0.0
        D:2 |      77 |      37 |  32.5 |      27 |       1 |   3.6
        D:3 |      88 |       0 |   0.0 |      15 |       0 |   0.0
        D:4 |     250 |     282 |  53.0 |       9 |       3 |  25.0
        D:5 |     984 |       0 |   0.0 |      25 |       0 |   0.0
        D:6 |    1511 |       0 |   0.0 |      27 |       0 |   0.0
        D:7 |    1037 |    1288 |  55.4 |      16 |       5 |  23.8
        D:8 |    3294 |     897 |  21.4 |      26 |       1 |   3.7
        D:9 |    1131 |       0 |   0.0 |      18 |       0 |   0.0
       D:10 |    2123 |     624 |  22.7 |      32 |       4 |  11.1
       D:11 |    3888 |     524 |  11.9 |      25 |      18 |  41.9
     Lair:1 |    3893 |       0 |   0.0 |      13 |       0 |   0.0
     Lair:2 |     107 |       0 |   0.0 |       1 |       0 |   0.0
      Orc:1 |     593 |       0 |   0.0 |       8 |       0 |   0.0
    Ossuary |       0 |     253 | 100.0 |       0 |      32 | 100.0
    Volcano |       0 |     872 | 100.0 |       0 |       1 | 100.0
            +---------+---------+-------+---------+---------+-------
